 Dungeon Crawl Stone Soup version 0.31-a0-370-g25055926c8 (webtiles) character file.

Game seed: 3428454041535927174

4229 AdnanSaban the Basher (level 10, -3/63 HPs)
             Began as a Gargoyle Fighter on July 29, 2023.
             Was a High Priest of Okawaru.
             Slain by a manticore (8 damage)
             ... on level 6 of the Dungeon.
             The game lasted 00:08:38 (6416 turns).

AdnanSaban the Basher (Gargoyle Fighter)            Turns: 6416, Time: 00:08:39

Health: -3/63      AC: 23    Str: 25    XL:     10   Next: 30%
Magic:  0/11       EV: 11    Int:  8    God:    Okawaru [*****.]
Gold:   439        SH:  6    Dex:  9    Spells: 9/9 levels left

rFire   . . .        q - +2 whip (venom)
rCold   . . .        c - +0 buckler
rNeg    + . .        l - +0 chain mail
rPois   ∞            s - +0 helmet
rElec   +            n - +0 cloak
rCorr   .            (no gloves)
SInv    .            (no boots)
Will    .....        v - amulet of guardian spirit Stlth
                     (no ring)
HPRegen 0.30/turn    (no ring)
MPRegen 0.12/turn

%: guardian spirit
@: heroic, spiked
A: sickness immunity, AC +7, negative energy resistance 1, electricity
resistance, torment resistance 1, petrification resistance
a: Renounce Religion, Heroism, Finesse, Duel


You were on level 6 of the Dungeon.
You worshipped Okawaru.
Okawaru was extremely pleased with you.
You visited 2 branches of the dungeon, and saw 10 of its levels.

You collected 439 gold pieces.

Inventory:

Hand Weapons
 q - a +2 whip of venom (weapon)
Missiles
 j - 2 boomerangs (quivered)
 m - 6 silver boomerangs
 o - 21 poisoned darts
 p - 3 silver javelins
 u - 2 datura-tipped darts
 z - a throwing net
 I - a curare-tipped dart
Armour
 c - a +0 buckler (worn)
 l - a +0 chain mail (worn)
 n - a +0 cloak (worn)
 s - a +0 helmet (worn)
Jewellery
 v - an amulet of guardian spirit (around neck)
Wands
 F - a wand of light (5)
Scrolls
 e - 8 scrolls of identify {unknown}
 f - 2 scrolls of teleportation {unknown}
 g - 6 scrolls of enchant weapon {unknown}
 h - 2 scrolls of amnesia {unknown}
 i - 2 scrolls of immolation {unknown}
 y - 2 scrolls of poison {unknown}
 A - 2 scrolls of fear {unknown}
 E - a scroll of fog {unknown}
 H - a scroll of revelation {unknown}
Potions
 a - a potion of magic {unknown}
 b - a potion of enlightenment {unknown}
 d - 3 potions of might
 k - 3 potions of lignification {unknown}
 r - 2 potions of curing {unknown}
 t - a potion of attraction {unknown}
 w - a potion of cancellation {unknown}
 x - a potion of heal wounds {unknown}
 B - a potion of ambrosia {unknown}
 C - 2 potions of haste {unknown}
 D - a potion of invisibility {unknown}
 G - a potion of brilliance {unknown}


   Skills:
 + Level 7.4(12.4) Fighting
 + Level 9.3(14.3) Maces & Flails
 + Level 3.1(8.1) Throwing
 + Level 7.9(12.9) Armour
 + Level 2.4(7.4) Dodging
 + Level 6.4(11.4) Shields
 * Level 1.9 Invocations


You had 9 spell levels left.
You didn't know any spells.
Your spell library contained the following spells:

 Spells                   Type           Power      Damage    Failure   Level
 Kiss of Death            Conj/Necr      0%         2d5       87%         1
 Blink                    Tloc           0%         N/A       95%         2
 Lesser Beckoning         Tloc           0%         N/A       95%         2
 Momentum Strike          Conj/Tloc      0%         3d8       95%         2
 Confusing Touch          Hex            0%         N/A       99%         3
 Volatile Blastmotes      Fire/Tloc      0%         2d10      99%         3
 Dispel Undead            Necr           0%         3d6       100%        4
 Fulminant Prism          Conj/Hex       0%         3d5       100%        4
 Iskenderun's Mystic Bla  Conj/Tloc      0%         2d3       100%        4
 Petrify                  Tmut/Erth      0%         N/A       100%        4
 Irradiate                Conj/Tmut      0%         3d11      100%        5
 Sublimation of Blood     Necr           Unusable   N/A       N/A         2

Dungeon Overview and Level Annotations

Branches:
Dungeon (9/15)             Temple (1/1) D:4
   Lair: D:8-11         Orc: D:9-12

Altars:
Ashenzari
Cheibriados
Elyvilon
Fedhas
Gozag
Hepliaklqana
Kikubaaqudgha
Makhleb
Okawaru
Ru
Trog
Uskayaw
Wu Jian
Xom
Yredelemnul
The Shining One

Shops:
D:5 (?!(   D:6 (!   D:9 (

Annotations:
D:6 2 runed translucent doors


Innate Abilities, Weirdness & Mutations

You are immune to sickness and miasma.
Your stone body is resilient. (AC +7)
You are immune to poison.
You resist negative energy. (rN+)
You are resistant to electric shocks. (rElec)
You are resistant to unholy torment.
You are immune to petrification.


Message History

[Y]es or [N]o only, please.
The barbs in your skin will harm you if you move.
Continue?
Okay, then.
You barely miss the shadow. The shadow hits you.
The manticore flicks its tail.
The volley of spikes hits you!
The barbed spikes become lodged in your body.
You closely miss the shadow. The shadow hits you.
The manticore flicks its tail.
The volley of spikes hits you!
The barbed spikes become lodged in your body.
You barely miss the shadow. You closely miss the shadow.
The shadow slips into darkness.
The shadow flickers and vanishes!
Deactivating autopickup; reactivate with Ctrl-A.
The barbs in your skin will harm you if you move.
Continue?
Okay, then.
You gain the combat prowess of a mighty hero.
The shadow strikes at you from the darkness!
The manticore bites you. The manticore claws you!
The manticore closely misses you.
You hit the manticore.
The manticore is poisoned.
The manticore is lightly wounded.
You barely miss the manticore.
The manticore is lightly wounded.
The shadow strikes at you from the darkness!
* * * LOW HITPOINT WARNING * * *
Reactivating autopickup.
The manticore closely misses you. The manticore misses you.
The manticore claws you but does no damage.
You hit the manticore.
The manticore is lightly wounded.
You whack the manticore!
The manticore looks as sick as possible!
The manticore is moderately wounded.
The shadow hits you.
* * * LOW HITPOINT WARNING * * *
You block the manticore's attack. The manticore claws you!
You die...

....###.########.#.'.....'.....'.
##..##.............##...###...###
.................#..##.## ##.##
....##.#.#####.####..#'# #'####
###.##..........# ##...# #....#
###.#..######...# #..### ####..
......##....##..# #.## ##.
##....#.####.#.####.### #.
#....#.#(#..#..@H....## #.
##....#.##.#)'.##W'##..# #.
......#..#######8..8##.# #.
......##...[# #8....8#.# #.
....<..###### #}.=[.?#.#########.
#......###### #?....}#...........
##...[##.#..# #8....8#..#########
##...#.##.#####8..8##..#
#.#.#.#.##.'.##++##...#


You could see a manticore (extremely poisoned) and a shadow.

Vanquished Creatures
  2 two-headed ogres
  2 kobold demonologists (D:7)
  A troll (D:9)
  Grinder (D:4)
  Sigmund (D:5)
  A yak (D:6)
  A steam dragon (D:6)
  An ice beast (D:6)
  3 black bears
  An ogre (D:5)
  2 centaurs
  2 phantoms
  2 kobold brigands (D:7)
  A gnoll sergeant (D:9)
  2 scorpions
  A howler monkey (D:8)
  2 jellies
  3 hounds
  2 orc priests
  2 iguanas
  2 orc wizards
  Robin (D:4)
  9 gnolls
  6 adders
  2 shadow imps (D:6)
  2 white imps
  24 orcs
  10 ball pythons
  3 endoplasms
  3 giant cockroaches
  9 goblins
  6 hobgoblins
  3 jackals (D:1)
  3 quokkas
  3 training dummies (D:5)
  6 bats
  2 frilled lizards
  12 kobolds
  5 rats
144 creatures vanquished.

Notes
Turn   | Place    | Note
-------+----------+-------------------------------------------
     0 | D:1      | AdnanSaban the Gargoyle Fighter began the quest for the
                  | Orb.
     0 | D:1      | Reached XP level 1. HP: 14/14 MP: 1/1
   125 | D:1      | Reached XP level 2. HP: 18/19 MP: 2/2
   274 | D:1      | Reached XP level 3. HP: 20/23 MP: 3/3
   391 | D:1      | Found a faded altar of an unknown god.
  1577 | D:3      | Reached XP level 4. HP: 25/29 MP: 4/4
  2093 | D:3      | Found a white marble altar of Elyvilon.
  2228 | D:4      | Reached skill level 3 in Maces & Flails
  2332 | D:4      | Noticed a scorpion
  2337 | D:4      | Killed a scorpion
  2338 | D:4      | Reached XP level 5. HP: 33/33 MP: 5/5
  2517 | D:4      | Found a staircase to the Ecumenical Temple.
  2546 | D:4      | Noticed Grinder
  2565 | Temple   | Entered the Ecumenical Temple
  2574 | Temple   | Became a worshipper of Warmaster Okawaru
  2612 | D:4      | Paralysed by Grinder for 4 turns
  2629 | D:4      | Killed Grinder
  2629 | D:4      | Reached * piety under Okawaru
  2630 | D:4      | Reached skill level 4 in Maces & Flails
  2630 | D:4      | Reached XP level 6. HP: 17/39 MP: 6/6
  2718 | D:4      | Noticed Robin
  2727 | D:4      | Killed Robin
  3128 | D:5      | Entered Level 5 of the Dungeon
  3128 | D:5      | Noticed a black bear
  3136 | D:5      | Killed a black bear
  3137 | D:5      | Reached skill level 5 in Maces & Flails
  3137 | D:5      | Reached XP level 7. HP: 43/44 MP: 7/7
  3143 | D:5      | Found Ashorchi's Distillery.
  3143 | D:5      | Found Metionoa's Weapon Shop.
  3145 | D:5      | Found Sygrolox's Magic Scroll Shop.
  3149 | D:5      | Noticed Sigmund
  3164 | D:5      | Killed Sigmund
  3164 | D:5      | Reached ** piety under Okawaru
  3165 | D:5      | Reached skill level 1 in Throwing
  3165 | D:5      | Reached skill level 1 in Dodging
  3287 | D:5      | Reached skill level 5 in Armour
  3346 | D:5      | Reached skill level 6 in Maces & Flails
  3467 | D:5      | Reached skill level 5 in Fighting
  3467 | D:5      | Reached XP level 8. HP: 49/49 MP: 8/8
  3495 | D:5      | Found an ornate altar of the Wu Jian Council.
  3659 | D:5      | Found Uzxa's Firing Range.
  4169 | D:6      | Found Elitiez's Antique Weapon Emporium.
  4305 | D:6      | Reached *** piety under Okawaru
  4411 | D:6      | Reached skill level 7 in Maces & Flails
  4476 | D:6      | Found a large runed translucent door.
  4479 | D:6      | Found a large runed translucent door.
  4541 | D:6      | Found Wuadujaima's Distillery.
  4646 | D:6      | Found a large runed translucent door.
  4646 | D:6      | Found a large runed translucent door.
  4685 | D:6      | Noticed a yak
  4694 | D:6      | Killed a yak
  4695 | D:6      | Reached skill level 5 in Shields
  4735 | D:6      | Noticed a shadow
  4735 | D:6      | Noticed a manticore
  4735 | D:6      | You fall into a shaft and drop 3 floors!
  4753 | D:9      | Found a basalt altar of Yredelemnul.
  4764 | D:9      | Found Nimeron's Antique Weapon Boutique.
  4899 | D:9      | Reached XP level 9. HP: 52/55 MP: 9/9
  4996 | D:9      | Noticed a two-headed ogre
  5026 | D:9      | Killed a two-headed ogre
  5026 | D:9      | Reached **** piety under Okawaru
  5027 | D:9      | Reached skill level 8 in Maces & Flails
  5125 | D:9      | Noticed a troll
  5142 | D:9      | Killed a troll
  5452 | D:7      | Noticed a kobold demonologist
  5452 | D:7      | Noticed a kobold demonologist
  5455 | D:7      | Noticed a smoke demon
  5456 | D:7      | Noticed a sun demon
  5464 | D:7      | Noticed an ice devil
  5468 | D:7      | Killed a kobold demonologist
  5475 | D:7      | Noticed a sixfirhy
  5492 | D:7      | Killed a kobold demonologist
  5493 | D:7      | Reached skill level 9 in Maces & Flails
  5515 | D:7      | Received a gift from Okawaru
  5672 | D:7      | Reached XP level 10. HP: 58/63 MP: 10/10
  6032 | D:6      | Noticed a two-headed ogre
  6176 | D:6      | Reached skill level 1 in Invocations
  6219 | D:6      | Killed a two-headed ogre
  6219 | D:6      | Reached ***** piety under Okawaru
  6416 | D:6      | Slain by a manticore

Illustrated notes

Levels and vault maps discovered:
D:1:      lemuel_arrival_muddy, layout_basic, shapermc_ecumenical_altar_pompeii
D:2:      layout_basic
D:3:      layout_basic, nicolae_elyvilon_temple_path
D:4:      layout_loops_ring, minmay_temple_entry_enclosed_plants, uniq_grinder,
          uniq_robin
D:5:      layout_loops_ring, nzn_wu_jian_contemplation,
          nicolae_shop_distant_corner_stores, nicolae_shop_firing_range,
          uniq_sigmund
D:6:      layout_loops_ring, serial_shops, nicolae_shop_waterfront, shop,
          nicolae_hexahallways, minmay_hollow_rounded_squares
D:7:      layout_basic, lemuel_crystal_altar, mainiacjoe_overflow_swirl
D:8:      layout_basic, nicolae_vehumet_altar_sigil, chequers_avenue,
          nicolae_wwwww
D:9:      layout_small_grid, mainiacjoe_overflow_24_doors,
          amcnicky_altar_gilded, due_lair_maze_entry_diamond, serial_shops,
          shop, serial_co_window_serial, co_window_paths_a,
          co_window_of_opportunity_a, co_window_corner_a, co_window_corner_a,
          co_window_paths_b, co_window_of_opportunity_a, co_window_corner_cb,
          co_window_cross_3, co_window_corner_b, glass_columns_a,
          glass_columns_a, glass_columns_a, uniq_maurice
Temple:   dshaligram_water_room_temple

Skill      XL: |  1  2  3  4  5  6  7  8  9 10 |
---------------+-------------------------------+-----
Maces & Flails | 3 4 5 6 7 9 |  9.3
Armour         | 4 5 6 7 |  7.9
Shields        | 4 5 6 |  6.4
Fighting       | 4 5 6 7 |  7.4
Throwing       | 1 2 3 |  3.1
Dodging        | 1 2 |  2.4
Invocations    | 1 |  1.9

Action                     |  1- 3 |  4- 6 |  7- 9 | 10-12 || total
---------------------------+-------+-------+-------+-------++-------
  Melee: Flail             |    87 |       |       |       ||    87
         Whip              |    82 |   123 |   298 |    86 ||   589
  Throw: Boomerang         |       |     9 |    20 |     2 ||    31
 Invoke: Heroism           |       |       |       |     1 ||     1
 Armour: Scale mail        |    96 |       |       |       ||    96
         Chain mail        |    32 |    48 |   158 |    41 ||   279
  Dodge: Dodged            |    71 |    28 |    90 |    24 ||   213
  Block: Buckler           |    52 |    22 |    55 |    14 ||   143

Table legend: (Time is in decaauts)
 A = Elapsed time spent in this place.
 B = Non-inter-level travel time spent in this place.
 C = Inter-level travel time spent in this place.
 D = Time resting spent in this place.
 E = Time spent auto-exploring this place.
 F = Levels seen in this place.
 G = Mean time per level.
                   A        B        C        D        E       F      G
               +--------+--------+--------+--------+--------+-----+--------+
         Total |   6349 |   6198 |    151 |    208 |   4698 |  10 |  634.9 |
       Dungeon |   6329 |   6194 |    135 |    208 |   4698 |   9 |  703.2 |
        Temple |     19 |      3 |     16 |      0 |      0 |   1 |   19.0 |
               +--------+--------+--------+--------+--------+-----+--------+

Top non-repeatable levels by time:
     D:6: 1225 daAuts
     D:4: 972 daAuts
     D:2: 920 daAuts
     D:5: 836 daAuts
     D:3: 776 daAuts
     D:1: 551 daAuts
     D:9: 480 daAuts
     D:7: 361 daAuts
     D:8: 203 daAuts
  Temple: 19 daAuts
